[Event "*** Titled Tuesday Blitz"]
[Site "Chess.com"]
[Date "2020.05.19"]
[Round "3"]
[White "Grandmaster2B"]
[Black "GjakanTati"]
[Result "0-1"]
[WhiteElo "2407"]
[BlackElo "2633"]
[TimeControl "180+1"]
[EndTime "12:30:08 PDT"]
[Termination "GjakanTati won by resignation"]

1. e4 e5 2. Nf3 Nc6 3. Bb5 Nf6 4. O-O Nxe4 5. Re1 Nd6 6. Nxe5 Be7 7. Bf1 O-O 8. d4 Nf5 9. c3 Nxe5 10. Rxe5 d6 11. Re1 d5 12. Bf4 Nh4 13. Nd2 c6 14. Nf3 Bg4 15. Be2 Ng6 16. Bg3 Qb6 17. Qd2 Rfe8 18. h3 Bf5 19. Ne5 h6 20. Bd3 Bxd3 21. Qxd3 Nxe5 22. Bxe5 Qxb2 23. Reb1 Qa3 24. Rxb7 Bf8 25. Qf5 Re7 26. Rb3 Qa6 27. Bd6 Re6 28. Bxf8 Rxf8 29.
Qf4 Qc4 30. Rab1 Rfe8 31. Rb7 Rf6 32. Qg3 Qxa2 33. Rb8 Rxb8 34. Rxb8+ Kh7 35. Qd3+ g6 36. Qe3 Re6 37. Qf3 Kg7 38. Rb7 Qa1+ 39. Kh2 Rf6 40. Qe3 Qa6 41. Rb8 Re6 42. Qf4 Qe2 43. Rb7 Rf6 44. Qe5 Qxe5+ 45. dxe5 Rxf2 46. Rxa7 Kf8 47. Rc7 Re2 48. Rxc6 Rxe5 49. Kg3 Ke7 50. Kf4 Rf5+ 51.
Ke3 h5 52. g3 Kd7 53. Ra6 Re5+ 54. Kd4 Rg5 55. h4 Rxg3 56. Kxd5 Rxc3 57. Rf6 Ke7 58.
Ra6 Rg3 59. Ke5 Rg4 60. Ra7+ Kf8 61. Kf6 Rf4+ 62. Kg5 Rf5+ 63. Kh6 Ke8 64. Kg7 Rf4 65. Rb7 Rxh4 66. Rxf7 Rg4 67. Rf8+ Ke7 68. Rf7+ Ke6 69. Rf6+ Ke5 70. Rf1 h4 71. Re1+ Kf4 72. Rh1 Kf3 73. Kh6 Kg2 74. Rd1 h3 0-1

[Event "*** Titled Tuesday Blitz"]
[Site "Chess.com"]
[Date "2020.05.19"]
[Round "3"]
[White "ama18"]
[Black "AnnaChessLook"]
[Result "1-0"]
[WhiteElo "2494"]
[BlackElo "2208"]
[TimeControl "180+1"]
[EndTime "12:30:08 PDT"]
[Termination "ama18 won by checkmate"]

1. e4 c5 2. Nf3 Nc6 3. d4 cxd4 4. Nxd4 e5 5. Nb5 d6 6. N1c3 a6 7. Na3 b5 8. Nd5 Nge7 9. c4 Nd4 10. Be3 Nxd5 11.
cxd5 g6 12. Nc2 Nxc2+ 13. Qxc2 Bd7 14. Rc1 Bg7 15. Be2 O-O 16. Qc7 Qe7 17. O-O f5 18. f3 f4 19. Bf2 g5 20. Rc6 Rf6 21. Qb7 Qe8 22. Rc7 Rf7 23. Rfc1 h5 24. Qb6 Bf8 25. Ra7 Rxa7 26. Qxa7 g4 27. Qxa6 g3 28. hxg3 fxg3 29. Bxg3 Rg7 30. Bh4 Qg6 31. Bf1 Qh6 32. Rc2 Qf4 33. Bf2 h4 34. Qa3 h3 35. g3 b4 36. Qd3 Be7 37. Kh2 Bh4 38. gxf4 Bf6 39.
f5 Bg5 40. Bg3 Rh7 41. Bxh3 Bf6 42. Kg2 Rg7 43. Kf2 Rf7 44. Bg4 Rg7 45. Rc1 Bg5 46. Rh1 Kf7 47. Rh5 Bf6 48. Bh4 Bxh4+ 49. Rxh4 Ke7 50.
Bh5 Rg8 51. Bg6 Kd8 52. Rh7 Rf8 53. Qe3 b3 54. Qg5+ Kc8 55. a3 Rd8 56. Qe7 Kc7 57. Be8 Kb6 58. Qxd8+ Kb5 59. Qxd7+ Kc4 60. Qb5+ Kd4 61. Qe2 Kc5 62. Qe3+ Kc4 63. Qc3# 1-0

[Event "*** Titled Tuesday Blitz"]
[Site "Chess.com"]
[Date "2020.05.19"]
[Round "3"]
[White "Vesper2018"]
[Black "White_Ghost"]
[Result "1-0"]
[WhiteElo "2247"]
[BlackElo "2434"]
[TimeControl "180+1"]
[EndTime "12:30:08 PDT"]
[Termination "Vesper2018 won by checkmate"]

1. e4 e5 2. Nf3 Nc6 3. Bc4 Nf6 4. d3 Be7 5. O-O O-O 6. Re1 d6 7. c3 Kh8 8. Nbd2 Ng8 9. d4 f5 10. d5 Nb8 11. exf5 Bxf5 12. Ne4 Nd7 13. Neg5 Nb6 14.
Bb3 Nf6 15. Nh4 Bd7 16. Qd3 e4 17. Qd1 Bg4 18. Qd2 Qd7 19. h3 Bh5 20. Ne6 Rg8 21. Nf5 Bf7 22. Qd4 a5 23. a4 Nbxd5 24. Ng5 Bg6 25.
Nxe7 Nxe7 26. Be6 Qc6 27. Bxg8 Rxg8 28. Bf4 Nf5 29. Qd2 Rf8 30. Ne6 Re8 31. Nd4 Qd7 32.
b4 axb4 33. cxb4 Nd5 34. Nxf5 Qxf5 35. Bg3 e3 36. fxe3 Qe4 37. b5 Nf6 38. a5 Qe6 39. Bf4 Ne4 40. Qb2 Nc5 41. a6 Nd3 42. Qd2 Nxe1 43.
Qxe1 bxa6 44. bxa6 Be4 45. a7 Qg6 46. Qd2 Qf6 47. Qd4 Qg6 48. Ra2 Ba8 49. Kh2 h6 50. Rb2 Kh7 51. Qd2 Rd8 52. Rb8 Qe8 53. Qb2 Be4 54. Rxd8 Qxd8 55. Qb8 Qh4 56. a8=Q Bxa8 57. Qxa8 Qf2 58. Qe4+ Kh8 59. Qe8+ Kh7 60. Qf7 Qc2 61.
Qe6 Qd3 62. h4 d5 63. h5 c5 64. Qd7 c4 65. Qe7 c3 66. Be5 Qxe3 67. Qxg7# 1-0

[Event "*** Titled Tuesday Blitz"]
[Site "Chess.com"]
[Date "2020.05.19"]
[Round "3"]
[White "Dhaydon19"]
[Black "Korona_91"]
[Result "0-1"]
[WhiteElo "2715"]
[BlackElo "2530"]
[TimeControl "180+1"]
[EndTime "12:30:09 PDT"]
[Termination "Korona_91 won on time"]

1. d4 e6 2. Nf3 f5 3. c4 b6 4. g3 Bb7 5. Bg2 Nf6 6. O-O g6 7. Nc3 Bg7 8. d5 O-O 9. Qb3 Na6 10. Be3 exd5 11. cxd5 d6 12. Nd4 Nc5 13. Qc2 a5 14. h3 Qe7 15. Rad1 Rfe8 16. Nc6 Qf7 17. Nb5 Bxc6 18.
dxc6 Rac8 19. Bg5 h6 20. Be3 Qxa2 21. Bd4 Qf7 22. e3 Kh7 23. Nc3 Qb3 24. Qe2 Nce4 25. Rd3 Qc4 26. Qd1 Qxc6 27. Nxe4 Nxe4 28. Bxg7 Kxg7 29.
g4 Qd7 30. Rd4 Nf6 31. gxf5 Qxf5 32. Qb3 Re7 33. Rc1 Rf8 34. Rc2 Qd7 35. Qc3 Kh7 36. Rcd2 Ref7 37. Rf4 Qe7 38. Rf3 Ne4 39. Rxf7+ Rxf7 40. Bxe4 Qxe4 41. Rd4 Qb1+ 42. Kg2 Qf5 43. Rf4 Qd5+ 44.
e4 Qe6 45. Qc1 Rxf4 46. Qxf4 g5 47. Qf3 Kg6 48. Qd3 Qe5 49. Qc2 c5 50. f3 b5 51. b3 Qd4 52. Qe2 c4 53. bxc4 bxc4 54. Qa2 Qc5 55. Qa4 Qc8 56. Qa3 Qc7 0-1

[Event "*** Titled Tuesday Blitz"]
[Site "Chess.com"]
[Date "2020.05.19"]
[Round "3"]
[White "cukus"]
[Black "Buffy7"]
[Result "1-0"]
[WhiteElo "2487"]
[BlackElo "2631"]
[TimeControl "180+1"]
[EndTime "12:30:09 PDT"]
[Termination "cukus won by checkmate"]

1. e4 c5 2. Nf3 e6 3. d4 cxd4 4. Nxd4 Nf6 5. Nc3 d6 6. g4 h6 7. h4 Nc6 8. Rg1 h5 9. gxh5 Nxh5 10. Bg5 Qb6 11. Nb3 a6 12. Qd2 Qc7 13. O-O-O b5 14.
Kb1 b4 15. Ne2 Ne5 16. Ned4 Rb8 17. f4 Nc4 18. Bxc4 Qxc4 19. e5 d5 20. f5 exf5 21. e6 fxe6 22. Rde1 Kf7 23. Na5 Qc7 24. Nac6 Bc5 25.
Nxb8 Qxb8 26. Be3 Qd6 27. Qg2 Ng3 28. Qxg3 Qxg3 29. Rxg3 Rxh4 30. Nf3 Bxe3 31. Ne5+ Kf6 32. Rgxe3 g5 33. a3 a5 34. axb4 axb4 35. Nf3 Re4 36. Nd2 Rxe3 37. Rxe3 f4 38. Rb3 g4 39. Rxb4 e5 40. Kc1 g3 41. Kd1 Bg4+ 42. Ke1 Kf5 43. Rb8 e4 44. Rf8+ Ke5 45. Re8+ Kf5 46. Rf8+ Ke5 47.
Re8+ Kd4 48. Rg8 Bh3 49. Rg5 Be6 50. c3+ Ke3 51. Nf1+ Kf3 52. Nd2+ Ke3 53. c4 dxc4 54. Re5 c3 55. bxc3 Kd3 56. Nxe4 g2 57. Nc5+ Kxc3 58. Rg5 Kd4 59. Nxe6+ Ke3 60. Nxf4 Kxf4 61. Rxg2 Kf3 62. Re2 Kf4 63. Kd2 Kf5 64. Kd3 Kf4 65. Re4+ Kf3 66.
Kd4 Kf2 67. Ke5 Kf3 68. Kf5 Kg3 69. Re3+ Kf2 70. Kf4 Kg2 71. Re2+ Kf1 72. Kf3 Kg1 73. Kg3 Kf1 74. Re3 Kg1 75. Re1# 1-0

[Event "*** Titled Tuesday Blitz"]
[Site "Chess.com"]
[Date "2020.05.19"]
[Round "3"]
[White "vanea_03"]
[Black "MidnightFox"]
[Result "0-1"]
[WhiteElo "2627"]
[BlackElo "2486"]
[TimeControl "180+1"]
[EndTime "12:30:10 PDT"]
[Termination "MidnightFox won by checkmate"]

1. d4 Nf6 2. c4 g6 3. Nc3 d5 4. cxd5 Nxd5 5. Na4 Bg7 6. e4 Nb6 7. Be3 O-O 8. Nf3 Nxa4 9. Qxa4 Nd7 10. Rd1 Nf6 11. Bd3 Bg4 12. h3 Bxf3 13. gxf3 Qc8 14. Rc1 c6 15. Qa5 Rd8 16. Ke2 Nd7 17. e5 Nb6 18.
Be4 Qe6 19. b3 f6 20. f4 Nd5 21. Qe1 Rd7 22. Qg1 Rad8 23. f5 gxf5 24. Bh6 Nf4+ 25.
Bxf4 fxe4 26. Bh6 Qf7 27. Qg4 f5 28. Qg5 e6 29. Rhg1 Kh8 30. Bxg7+ Qxg7 31. Qe3 Qf7 32. Rcd1 Qh5+ 33. Ke1 Rg8 34. Rxg8+ Kxg8 35. Kd2 Rg7 36. Kc2 Rg2 37. Rd2 Rh2 38. d5 Rxh3 39. Qxa7 cxd5 40. Qb8+ Kg7 41. Qxb7+ Qf7 42. Qc6 Rh1 43. Kb2 f4 44.
Rc2 e3 45. fxe3 f3 46. Qd6 f2 47. Rc7 f1=Q 48. Rxf7+ Qxf7 49. a4 Qf2+ 50. Ka3 Ra1+ 51. Kb4 Qd2+ 52. Kb5 Qd3+ 53. Kc6 Rc1+ 54. Kd7 Qg6 55.
Qe7+ Qf7 56. Qxf7+ Kxf7 57. a5 h5 58. b4 h4 59. a6 h3 60. b5 h2 61. a7 Ra1 62.
b6 h1=Q 63. Kc7 Qh8 64. b7 Rxa7 65. Kb6 Rxb7+ 66. Kxb7 Ke7 67. Kc6 Qc8+ 68. Kb5 Kd7 69.
Kb6 Qc6+ 70. Ka5 Qb7 71. e4 Kc6 72. exd5+ Kc5 73. Ka4 Qb4# 0-1

[Event "*** Titled Tuesday Blitz"]
[Site "Chess.com"]
[Date "2020.05.19"]
[Round "3"]
[White "GadimbayliA"]
[Black "mbojan"]
[Result "0-1"]
[WhiteElo "2836"]
[BlackElo "2617"]
[TimeControl "180+1"]
[EndTime "12:30:11 PDT"]
[Termination "mbojan won by resignation"]

1. e4 c5 2. Nf3 Nc6 3. Bb5 g6 4. Bxc6 dxc6 5. d3 Bg7 6. h3 Nf6 7. Nc3 Nd7 8. Be3 e5 9. Qd2 Qe7 10. Bh6 f6 11. Bxg7 Qxg7 12. a3 O-O 13. O-O Rd8 14.
Qe3 Qe7 15. Rfb1 Nf8 16. b4 Ne6 17. Na4 b6 18. bxc5 b5 19. Nc3 Nd4 20. Rb2 Qxc5 21. Ne2 Nxe2+ 22. Qxe2 Be6 23. Qd2 a5 24. Rbb1 Kg7 25.
Nh2 a4 26. Kh1 Rd7 27. Rf1 Rad8 28. f4 exf4 29. Qxf4 Rf7 30. Nf3 Qd6 31. Qe3 Qd7 32.
e5 f5 33. Ng5 Re7 34. Qc5 Rde8 35. Rae1 Qd5 36. Qb4 h6 37. Nf3 Qd7 38. Qh4 Bd5 39.
Qf6+ Kh7 40. d4 Re6 41. Qh4 Qd8 42. Qg3 Bxf3 43. Rxf3 Qxd4 44. Rd3 Qc4 45. Rd7+ R8e7 46. Rd8 Qc5 47. Red1 Rxe5 48. Qf3 Re1+ 49. Rxe1 Rxe1+ 50. Kh2 Qg1+ 51. Kg3 Re3 52. Rd7+ Kg8 53. Kf4 Rxf3+ 54. gxf3 Qh2+ 55. Ke3 Qe5+ 56. Kd3 Qc5 57. f4 Qxa3+ 58. Kd4 Qb4+ 59. Ke5 Qf8 60. Ra7 Qb8+ 0-1

[Event "*** Titled Tuesday Blitz"]
[Site "Chess.com"]
[Date "2020.05.19"]
[Round "3"]
[White "Gloomy_Wanderer"]
[Black "ORS1984"]
[Result "1-0"]
[WhiteElo "2752"]
[BlackElo "2444"]
[TimeControl "180+1"]
[EndTime "12:30:12 PDT"]
[Termination "Gloomy_Wanderer won on time"]

1. d4 d5 2. c4 c6 3. cxd5 cxd5 4. Nc3 Nf6 5. Bg5 e6 6. e3 Be7 7. Bd3 O-O 8. f4 Nc6 9. Nf3 Bd7 10. O-O Rc8 11. Rc1 a6 12. Ne5 h6 13. Bxf6 Bxf6 14.
Qh5 Be8 15. Rf3 Bxe5 16. fxe5 f5 17. Qh3 Bg6 18. Rcf1 Ne7 19. Rg3 Qe8 20. Ne2 Qf7 21. Nf4 Kh8 22. Qh4 Bh7 23. Ne2 Rc7 24. Rgf3 Rfc8 25. g4 b5 26. gxf5 Nxf5 27. Qg4 Qg6 28. Qxg6 Bxg6 29. Nf4 Bf7 30. Nxe6 Bxe6 31. Bxf5 Bxf5 32.
Rxf5 Kg8 33. R5f2 Rc2 34. Kg2 a5 35. a3 b4 36. axb4 axb4 37. Kg3 b3 38. h4 Rxf2 39. Rxf2 Rc2 40. h5 Rc6 41. Kf3 Rc2 42. Re2 Kf7 43.
Kf2 Ke6 44. Ke1 Rc1+ 45. Kd2 Rh1 46. Rg2 Rxh5 47. Rxg7 Kf5 48. Kc3 Rh3 49. Kd3 h5 50.
Rf7+ Ke6 51. Rf6+ Ke7 52. Rb6 h4 53. Rxb3 Rh1 54. Rb7+ Ke6 55. Rh7 h3 56. Kc3 h2 57. Kb4 Kf5 58. b3 Ke6 59. Rh6+ Kf5 60. Kb5 Kg5 61. Rh8 Rb1 62. Rxh2 Rxb3+ 63. Kc5 Rxe3 64.
Kxd5 Kf5 65. Rf2+ Kg6 66. e6 Kg7 67. Kd6 1-0

[Event "*** Titled Tuesday Blitz"]
[Site "Chess.com"]
[Date "2020.05.19"]
[Round "3"]
[White "grzechu96"]
[Black "Vegan4future"]
[Result "1-0"]
[WhiteElo "2581"]
[BlackElo "2385"]
[TimeControl "180+1"]
[EndTime "12:30:12 PDT"]
[Termination "grzechu96 won by resignation"]

1. e4 e5 2. Nf3 d6 3. d4 exd4 4. Nxd4 Nf6 5. Nc3 Be7 6. g3 O-O 7. Bg2 Nc6 8. Nde2 Be6 9. O-O a5 10. h3 a4 11. a3 Bc4 12. Re1 Re8 13. Nf4 Bf8 14. Be3 Ra5 15. Qd2 Ba6 16. Nfd5 Nxd5 17. Nxd5 b6 18. f4 Ne7 19. Bd4 Nxd5 20. exd5 Rxe1+ 21. Rxe1 Bb7 22. Bc3 Ra8 23. Qd4 Qd7 24. Qe4 Ba6 25.
Kh2 Bb5 26. f5 Re8 27. Qxe8 Qxe8 28. Rxe8 Bxe8 29. g4 Be7 30. Kg3 Bg5 31. Bf1 Be3 32. Kf3 Bg1 33. Ke4 f6 34. Bd4 Bh2 35. Ba6 Kf7 36. Bb7 Bb5 37. h4 Be2 38. g5 fxg5 39. hxg5 Bb5 40. Bc8 h5 41. Be6+ Kf8 42. f6 gxf6 43. Bxf6 Be8 44. Kf5 Be5 45. g6 Bxg6+ 46.
Kxg6 Bf4 47. Bf7 h4 48. Bxh4 Bc1 49. Bf6 Bd2 50. Be6 b5 51. Bd7 b4 52. Bxa4 bxa3 53.
bxa3 Bc1 54. Bb3 Bxa3 55. Bd8 Bc5 56. Bxc7 Ke8 57. Kf6 Kd7 58. Ba5 Bd4+ 59. Kf5 Bb2 60. Ba4+ Ke7 61. Bb6 Bc1 62. Bf2 Bh6 63. Bh4+ Kf7 64.
Bd7 Bf8 65. Be6+ Kg7 66. Bf6+ Kh7 67. c4 Bh6 68. Be7 Be3 69. Bxd6 Bd4 70. c5 Kg7 71. c6 Bb6 72. c7 Bxc7 73. Bxc7 Kh7 74. Be5 Kh6 75. d6 1-0

[Event "*** Titled Tuesday Blitz"]
[Site "Chess.com"]
[Date "2020.05.19"]
[Round "3"]
[White "lrestevez"]
[Black "SHIVACalypso"]
[Result "0-1"]
[WhiteElo "2031"]
[BlackElo "2297"]
[TimeControl "180+1"]
[EndTime "12:30:13 PDT"]
[Termination "SHIVACalypso won on time"]

1. d4 e6 2. c4 Nf6 3. Nc3 Bb4 4. Qb3 c5 5. a3 Bxc3+ 6. bxc3 O-O 7. Nf3 Nc6 8. e3 b6 9. Bd3 Na5 10. Qa2 Ba6 11.
O-O Rc8 12. Nd2 d5 13. Re1 cxd4 14. cxd4 Bxc4 15. Nxc4 Nxc4 16. Bd2 Qd7 17. Rec1 Nxd2 18. Qxd2 Rxc1+ 19. Rxc1 Rc8 20. h3 g6 21. Rc3 Ne8 22. Qc2 Rxc3 23. Qxc3 Qc7 24. Qb2 Nd6 25. Qb4 a5 26. Qb2 Nc4 27. Qc1 b5 28. g3 b4 29.
axb4 axb4 30. Qc2 Qc6 31. Qb3 Qb5 32. h4 h5 33. Qb1 Kg7 34. Qb3 Qb6 35. Kh2 Na5 36.
Qd1 b3 37. Qf3 b2 38. Qf6+ Kg8 39. g4 hxg4 40. h5 gxh5 41. Qh6 b1=Q 42. Qg5+ Kf8 43. Bxb1 Qxb1 44. Qd8+ Kg7 45. Qxa5 Qf5 46. Qd2 Qf3 47.
Kg1 h4 48. Qd3 h3 49. Qf1 g3 50. fxg3 Qxg3+ 51. Kh1 Qxe3 52. Kh2 Qxd4 53. Qxh3 Qf6 54.
Qa3 Qg6 55. Qa8 Qh6+ 56. Kg2 Qd2+ 57. Kg3 Qe3+ 58. Kh2 d4 59. Qb8 d3 60. Qb2+ e5 61.
Qg2+ Kf6 62. Qc6+ Kf5 63. Qc8+ Kf4 64. Qe8 Qe2+ 65. Kh3 f5 66. Qg6 Ke4 67. Qg2+ Qf3+ 68. Kh4 Qxg2 0-1

[Event "*** Titled Tuesday Blitz"]
[Site "Chess.com"]
[Date "2020.05.19"]
[Round "3"]
[White "Mitronych"]
[Black "lucliasco"]
[Result "1/2-1/2"]
[WhiteElo "2428"]
[BlackElo "2655"]
[TimeControl "180+1"]
[EndTime "12:30:15 PDT"]
[Termination "Game drawn - insufficient material"]

1. e4 c5 2. Nf3 Nc6 3. d4 cxd4 4. Nxd4 Qb6 5. Nb3 Nf6 6. Nc3 e6 7. Qe2 Bb4 8. Bd2 O-O 9. e5 Nd5 10. Nxd5 Bxd2+ 11. Qxd2 exd5 12. O-O-O Re8 13. Qxd5 Rxe5 14. Qd6 Re6 15. Qc5 Qc7 16. g3 d6 17. Qc3 Bd7 18.
Kb1 Rc8 19. h4 Ree8 20. h5 h6 21. Rh4 Bf5 22. Rf4 Re5 23. g4 Bh7 24. Bc4 d5 25.
Bd3 Bxd3 26. Qxd3 Rxh5 27. Rxf7 Qxf7 28. gxh5 Qxh5 29. Rg1 Qf7 30. a3 Rf8 31. f4 b6 32.
Nc1 Ne7 33. Ne2 Nf5 34. Nc3 d4 35. Ne4 Kh8 36. Nd2 Qd5 37. Nc4 b5 38. Ne5 Rf6 39. a4 bxa4 40. c4 Qb7 41. c5 Qb3 42. Rc1 Qxd3+ 43.
Nxd3 Ne7 44. Rc4 Nc6 45. Rxa4 a5 46. Ne5 g5 47. Nxc6 Rxc6 48. fxg5 Rxc5 49. gxh6 Rd5 50. Kc2 Kh7 51. Kd3 Rb5 52. Kc2 Rc5+ 53. Kd3 Rb5 54.
Kc2 Kxh6 55. Rxd4 Kg6 56. Rf4 Kg5 57. Rf8 Kg6 58. Kc3 Rc5+ 59. Kb3 Rb5+ 60. Ka3 Kg7 61.
Rf1 Rh5 62. b3 Rb5 63. Ka4 Rb4+ 64. Ka3 Rb5 65. Rf4 Kg6 66. Ka4 Re5 67. Rf8 Kg7 68. Ra8 Kf7 69. Rxa5 Re1 70. Rd5 Ke6 71. Rd2 Ra1+ 72.
Kb5 Ra8 73. b4 Rb8+ 74. Kc4 Rc8+ 75. Kb3 Rb8 76. Rd1 Ke7 77. Rd5 Ke6 78. Kc4 Rxb4+ 79. Kxb4 Kxd5 1/2-1/2

[Event "*** Titled Tuesday Blitz"]
[Site "Chess.com"]
[Date "2020.05.19"]
[Round "3"]
[White "Noam_Vitenberg"]
[Black "EfM13"]
[Result "1/2-1/2"]
[WhiteElo "2434"]
[BlackElo "2239"]
[TimeControl "180+1"]
[EndTime "12:30:15 PDT"]
[Termination "Game drawn - timeout vs insufficient material"]

1. d4 d6 2. Nf3 g6 3. e4 Bg7 4. Be3 Nf6 5. Nc3 h6 6. Qd2 Nbd7 7. e5 Ng4 8. Bf4 dxe5 9. dxe5 Ngxe5 10. Nxe5 Nxe5 11.
Qxd8+ Kxd8 12. O-O-O+ Bd7 13. Be2 e6 14. Ne4 Ke7 15. Be3 b6 16. f4 Bc6 17. Nc3 Nd7 18. Rhg1 a6 19. g4 Nf6 20. f5 Bb7 21. Bf4 Ne8 22.
Bd3 g5 23. Bg3 Nd6 24. Rgf1 b5 25. Rde1 Bxc3 26. bxc3 Bd5 27. Kb2 c5 28. h4 Rhg8 29. hxg5 hxg5 30. Be5 Raf8 31. Rd1 c4 32. Be2 f6 33.
Bg3 Ne4 34. Bh2 Rh8 35. Bg1 Ng3 36. Rfe1 Kf7 37. fxe6+ Bxe6 38. Bf3 Rd8 39. Bd4 a5 40. Rd2 b4 41. Rf2 Rh4 42. Bc6 Rxd4 43. cxd4 c3+ 44.
Ka1 Rxg4 45. d5 Bc8 46. d6 f5 47. d7 Bxd7 48. Bxd7 Rf4 49. Rxf4 gxf4 50. Bc6 Kf6 51. Bd5 Kg5 52. a3 Kg4 53. axb4 axb4 54. Ka2 f3 55. Bc4 f2 56. Rd1 Kf3 57. Kb3 Kg2 58.
Kxb4 f1=Q 59. Bxf1+ Nxf1 60. Kxc3 f4 61. Kd4 f3 62. c4 f2 63. c5 Nh2 64. c6 Nf3+ 65.
Ke3 Kg3 66. Rf1 Nh2 67. Rxf2 Ng4+ 1/2-1/2

[Event "*** Titled Tuesday Blitz"]
[Site "Chess.com"]
[Date "2020.05.19"]
[Round "3"]
[White "Chessialist"]
[Black "dopolian"]
[Result "1-0"]
[WhiteElo "2557"]
[BlackElo "2362"]
[TimeControl "180+1"]
[EndTime "12:30:17 PDT"]
[Termination "Chessialist won by resignation"]

1. e4 e5 2. Nf3 Nc6 3. Bb5 a6 4. Ba4 Nf6 5. O-O Nxe4 6. d4 b5 7. Bb3 d5 8. dxe5 Be6 9. Qe2 Bc5 10. Be3 O-O 11. Nc3 Nxc3 12. bxc3 Bxe3 13. Qxe3 Na5 14.
Nd4 Rc8 15. Nxe6 fxe6 16. Qc5 Rf7 17. a4 Qf8 18. Qxf8+ Kxf8 19. axb5 Nxb3 20. cxb3 axb5 21. Ra5 c6 22. b4 Rf4 23. Ra7 Rc4 24. f4 Rxc3 25.
f5 exf5 26. Rxf5+ Kg8 27. h4 Rf8 28. Rg5 g6 29. e6 Re3 30. e7 Re8 31. Rc7 Re6 32. h5 R8xe7 33. Rc8+ Kg7 34. hxg6 hxg6 35. Rg4 Rf7 36. Kh2 Rf5 37. Rc7+ Rf7 38. Rc8 Ref6 39. Kg3 Re7 40. Kh4 Kf7 41. g3 Re2 42. Rc7+ Ke8 43. Kg5 Rfe6 44. Rf4 R2e5+ 45. Kg4 Re4 46. Kg5 Rxf4 47.
gxf4 Kd8 48. Ra7 Re4 49. Rg7 Rxb4 50. Rxg6 Rc4 51. f5 b4 52. f6 Rc1 53. Rg8+ Kd7 54. f7 Rf1 55. f8=Q Rxf8 56. Rxf8 c5 57. Kf4 Kc6 58. Ke3 Kb5 59. Kd3 c4+ 60. Kd4 b3 61.
Rb8+ Ka4 62. Kc3 d4+ 63. Kxc4 Ka3 64. Rxb3+ Ka2 1-0

[Event "*** Titled Tuesday Blitz"]
[Site "Chess.com"]
[Date "2020.05.19"]
[Round "3"]
[White "AEMEffi"]
[Black "dosto07"]
[Result "1/2-1/2"]
[WhiteElo "2295"]
[BlackElo "2084"]
[TimeControl "180+1"]
[EndTime "12:30:19 PDT"]
[Termination "Game drawn - insufficient material"]

1. d4 d5 2. c4 dxc4 3. Nf3 Nf6 4.
e3 e6 5. Bxc4 c5 6. O-O a6 7.
dxc5 Bxc5 8. Qxd8+ Kxd8 9. b3 Ke7 10. Bb2 Nbd7 11. Nc3 b6 12. a3 Bb7 13. b4 Bd6 14. Rfd1 Rac8 15. Bf1 Rhd8 16. Nd4 Ne5 17. f3 Nc4 18.
Bxc4 Rxc4 19. Nce2 g6 20. Rac1 Rdc8 21. Rxc4 Rxc4 22. Nf5+ gxf5 23. Bxf6+ Kxf6 24. Rxd6 Rc6 25. Rd7 Bc8 26. Ra7 e5 27. Kf2 b5 28. f4 Be6 29.
fxe5+ Kxe5 30. Nd4 Rd6 31. Rc7 Bc4 32. Rc5+ Ke4 33.
Rxf5 Kd3 34. Rf4 Kc3 35. Nf5 Rd2+ 36. Kf3 Bd5+ 37. e4 Bc4 38. e5 Kb3 39. Ne3 Be2+ 40.
Ke4 Kxa3 41. Rxf7 Bd3+ 42. Kf3 Kxb4 43. e6 Bc4 44. Rf6 Bxe6 45. Rxe6 a5 46. Re4+ Kc5 47. Nf1 Rd1 48. Ne3 Rc1 49. Re5+ Kb6 50. Ke4 a4 51. Nd5+ Ka5 52. Ne3 a3 53. Re8 Kb4 54. Ra8 Kb3 55. Nd5 a2 56. Kd3 a1=Q 57. Rxa1 Rxa1 58. Ne3 Rh1 59.
g4 Kb2 60. g5 b4 61. Kc4 Ka2 62. Kxb4 Kb2 63. Kc4 Rxh2 64. Nf5 Rh5 65. Ne3 Rxg5 66. Kd4 Rg3 67. Ke4 h5 68. Kf4 h4 69. Nf5 Re3 70.
Nxh4 Rc3 71. Nf5 Rc2 72. Ne3 Rc3 73. Ke4 Rxe3+ 74. Kxe3 1/2-1/2

[Event "*** Titled Tuesday Blitz"]
[Site "Chess.com"]
[Date "2020.05.19"]
[Round "3"]
[White "CalinGheorghiu"]
[Black "PauloFanha"]
[Result "1-0"]
[WhiteElo "2285"]
[BlackElo "1952"]
[TimeControl "180+1"]
[EndTime "12:30:21 PDT"]
[Termination "CalinGheorghiu won by resignation"]

1. e4 e6 2. d3 c5 3. g3 Nc6 4.
Bg2 d5 5. Nd2 Nf6 6. Ngf3 Bd6 7. O-O a6 8. Re1 O-O 9. e5 Ng4 10. exd6 Qxd6 11. h3 Nf6 12. c4 d4 13.
Ne4 Nxe4 14. Rxe4 e5 15. g4 f5 16. gxf5 Bxf5 17. Re1 Rae8 18. Nh4 Bc8 19. Qh5 Qf6 20. Rf1 Be6 21. Bg5 Qf7 22. Qxf7+ Rxf7 23. Rae1 h6 24. Bd2 g5 25. Nf3 Bxh3 26. Bxh3 Rxf3 27. Bg2 Rxd3 28. Re2 Nd8 29. Kh2 g4 30. f3 h5 31. fxg4 hxg4 32.
Rf5 Nf7 33. Bd5 Re7 34. Bg5 Rc7 35. Rexe5 Kg7 36. Bf6+ Kg6 37. Be4 Nxe5 38. Bxe5 Rd2+ 39. Kg3 Kh6 40. Bxc7 Rxb2 41. Bf4+ Kg7 42. Kxg4 Rxa2 43. Rg5+ Kf6 44. Be5+ Kf7 45. Bd5+ Kf8 46. Rg8+ Ke7 47. Bf4 b5 48. Rg7+ Kf6 49. Rc7 bxc4 50. Rc6+ Ke7 51. Bxc4 Ra4 52. Rxc5 d3 53. Bxd3 Rd4 54. Bf5 a5 55. Rc7+ Kf6 56. Rc6+ Ke7 57. Ra6 a4 58. Kg5 Rd1 59. Ra7+ Kd8 60. Kf6 Rd6+ 61. Bxd6 1-0

[Event "*** Titled Tuesday Blitz"]
[Site "Chess.com"]
[Date "2020.05.19"]
[Round "3"]
[White "karinachess1"]
[Black "kuban1991"]
[Result "0-1"]
[WhiteElo "2496"]
[BlackElo "2737"]
[TimeControl "180+1"]
[EndTime "12:30:22 PDT"]
[Termination "kuban1991 won by resignation"]

1. Nf3 g6 2. d4 Bg7 3. g3 Nf6 4. Bg2 O-O 5. O-O d5 6. b3 c5 7. e3 Nc6 8. Bb2 Ne4 9. h3 a5 10. a4 Bf5 11. Na3 Rc8 12. Rc1 h6 13. Nb5 g5 14. Qe2 e6 15. Rfd1 g4 16. Nh4 h5 17.
Nxf5 exf5 18. Ba1 cxd4 19. Nxd4 Qg5 20. h4 Qg6 21. Nb5 Bxa1 22. Rxa1 Rfd8 23. Rac1 Qf6 24. c4 dxc4 25. Rxd8+ Rxd8 26. Qxc4 Ne5 27. Qc7 Rd2 28. Qb8+ Kg7 29. Rf1 Nd3 30. Qxb7 Ndxf2 31. Nd4 Rxd4 32.
exd4 Qxd4 33. Kh2 Qe5 34. Bxe4 Nxe4 35. Rg1 Nd2 36. Qg2 Nf3+ 37. Kh1 Nxg1 38. Kxg1 Qe3+ 39. Qf2 Qxb3 40. Qxf5 Qd1+ 41. Kg2 Qxa4 42. Qg5+ Kf8 43. Qd8+ Qe8 44. Qxa5 Qe4+ 45. Kg1 f5 46. Qc5+ Kf7 47. Qc7+ Ke6 48. Qc8+ Kd5 49. Qb7+ Kd4 50. Qb6+ Kd3 51.
Qb1+ Ke3 52. Qe1+ Kd4 53. Qb4+ Ke5 54. Qe7+ Kd5 55. Qb7+ Kc4 56. Qa6+ Kc3 57. Qa1+ Kd2 58. Qb2+ Qc2 59. Qd4+ Qd3 60. Qf2+ Kd1 61. Qf4 Qe4 62. Qf2 Qe1+ 63. Qf1 Kd2 64. Kg2 Qxf1+ 65. Kxf1 Ke3 66. Kg2 Ke2 67. Kg1 Kf3 68. Kh2 Kf2 69. Kh1 Kxg3 70. Kg1 f4 71. Kf1 f3 72. Kg1 Kxh4 73. Kf2 Kg5 0-1

[Event "*** Titled Tuesday Blitz"]
[Site "Chess.com"]
[Date "2020.05.19"]
[Round "3"]
[White "Corpescador"]
[Black "Papa12341234"]
[Result "1-0"]
[WhiteElo "2378"]
[BlackElo "2542"]
[TimeControl "180+1"]
[EndTime "12:30:22 PDT"]
[Termination "Corpescador won by checkmate"]

1. e4 c5 2. Nf3 d6 3. d4 Nf6 4.
Nc3 cxd4 5. Nxd4 a6 6. Be3 e5 7. Nb3 Be7 8. f3 Be6 9. Qd2 O-O 10.
O-O-O Nbd7 11. Kb1 b5 12. g4 b4 13. Ne2 a5 14. g5 Nh5 15. Ng3 Nf4 16. h4 a4 17. Nd4 exd4 18. Bxf4 b3 19. cxb3 axb3 20.
a3 Ne5 21. Qxd4 Nxf3 22. Qf2 Bg4 23. Be2 d5 24. Bxf3 Bxa3 25. bxa3 Bxf3 26. Qxf3 Rxa3 27. Bc1 Ra1+ 28. Kxa1 Qa5+ 29. Kb2 Qa2+ 30. Kc3 b2 31. Bxb2 Rc8+ 32. Kd3 Qxb2 33. Rc1 dxe4+ 34. Nxe4 Rxc1 35. Rxc1 Qxc1 36. Nd2 Qc8 37. Qe4 h6 38. gxh6 gxh6 39. Nc4 Qh3+ 40. Kd4 Kg7 41. Ne5 Qf1 42. Nf3 Qf2+ 43.
Ke5 Qg3+ 44. Qf4 f6+ 45. Ke4 Qf2 46. Qg4+ Kf7 47. Qd7+ Kg6 48. Qf5+ Kg7 49. Qd7+ Kg6 50. Qd6 Qe2+ 51. Kf4 Qc4+ 52. Qd4 Qf1 53. Qe4+ Kg7 54. Kg3 Qh1 55. Qg4+ Kf7 56. h5 Qc1 57. Qg6+ Ke6 58. Kg4 Qe3 59. Qf5+ Kf7 60. Kg3 Qc1 61. Qf4 Qh1 62.
Qxh6 Ke6 63. Qg6 Kd5 64. h6 f5 65. Qxf5+ Kd6 66. Qg6+ Ke7 67. h7 Kd7 68. Qg7+ Kd6 69.
h8=Q Qb1 70. Qe5+ Kc6 71. Qhf6+ Kd7 72. Qee7+ Kc8 73. Qff8# 1-0